 Dungeon Crawl Stone Soup version 0.28-a0-793-g31680bbd8b (webtiles) character file.

Game seed: 11228477243557295938

21 spiderkeys the Ducker (level 2, -1/21 HPs)
             Began as a Felid Abyssal Knight on Nov 4, 2021.
             Was a Follower of Lugonu.
             Slain by an adder (3 damage)
             ... on level 2 of the Dungeon.
             The game lasted 00:01:46 (1228 turns).

spiderkeys the Ducker (Felid Abyssal Knight)        Turns: 1228, Time: 00:01:46

Health: -1/21      AC: 21    Str:  8 (9)  XL:     2   Next: 62%
Magic:  4/4        EV:  4    Int: 10 (11) God:    Lugonu [*.....]
Gold:   44         SH:  5    Dex: 15 (16) Spells: 1/1 levels left
                                        Lives:  0   Deaths: 0

rFire   . . .      SeeInvis +     - Unarmed
rCold   . . .      Faith    .   (shield unavailable)
rNeg    . . .      Spirit   .   (armour unavailable)
rPois   +          Reflect  +   (helmet unavailable)
rElec   .          Harm     .   (cloak unavailable)
rCorr   .          Rampage  .   (gloves unavailable)
Will    .....      NoTele   +   (boots unavailable)
Stlth   ++........              d - amulet of reflection
HPRegen 0.07/turn               (no ring)
MPRegen 0.09/turn               (no ring)

@: brilliant, lethally poisoned (-1 -> -2), tree-form, studying Dodging
A: stationary, stasis, torment immunity, boosted hp, very small, (claws 1),
(fangs 3), see invisible, (speed 1), (shaggy fur 1), (stealthy paws), no weapons
or thrown items, no armour, multi-lived
a: Renounce Religion, Depart the Abyss


You were on level 2 of the Dungeon.
You worshipped Lugonu.
Lugonu was aware of your devotion.
You were a tree.
You visited 1 branch of the dungeon, and saw 2 of its levels.
You visited the Abyss 1 time.

You collected 44 gold pieces.


Innate Abilities, Weirdness & Mutations

You are a tree.
Your roots penetrate the ground, keeping you stationary.
You cannot be teleported.
You are immune to unholy pain and torment.
Your maximum health is greatly increased.
((You have sharp claws.))
((You have razor-sharp teeth.))
You have supernaturally acute eyesight. (SInv)
((You cover ground quickly. (Speed+)))
((You are covered in fur. (AC +1)))
((Your paws help you pounce on unaware monsters.))
You are incapable of wielding weapons or throwing items.
You cannot wear armour.
You gain extra lives every three experience levels.


   Skills:
 + Level 3.2 Fighting
 + Level 3.8 Dodging
 + Level 1.3 Stealth
 + Level 2.2 Unarmed Combat
 + Level 2.1 Invocations


You had one spell level left.
You didn't know any spells.
Your spell library was empty.

Inventory:

Jewellery
 d - an amulet of reflection (around neck)
   (You found it on level 3 of the Abyss)
Wands
 a - a wand of paralysis (10)
   (You found it on level 3 of the Abyss)
Scrolls
 e - a scroll of teleportation {unknown}
 f - 2 scrolls of identify {@r1}
 i - a scroll of torment {unknown}

Dungeon Overview and Level Annotations

Branches:
Dungeon (2/15)

Altars:

###..[.+ #......#
#.###..#+#########
#............>...#
######...........#
#................#
#######..........#
+..........#
#.....♣S...#
############


You could see an adder.


Message History

An endoplasm comes into view. 😎 HP[+4]
Your hp is fully restored (14).
An endoplasm is nearby!
Okay, then.
An endoplasm is nearby!
An endoplasm is nearby!
The helpless endoplasm fails to defend itself.
You claw the endoplasm!
You kill the endoplasm!
Lugonu accepts your kill.
No target in view!
No target in view!
g - a gluggy blue potion
h - a bubbling blue potion Key pressed, stopping explore.
You open the door.
There is an open door here.
You see here a hobgoblin corpse.
Done exploring.
Done exploring.
Done exploring.
You see here a hobgoblin skeleton.
There is a stone staircase leading down here.
You climb downwards.
Found a scroll labelled VEROEN GUNTUUNT.
Found a stone staircase leading up.
There is a stone staircase leading up here.
i - a scroll labelled VEROEN GUNTUUNT No target in view!
No target in view!
A bat comes into view.
A bat is nearby!
A bat is nearby!
You scratch the bat.
You kill the bat!
Lugonu accepts your kill.
No target in view!
No target in view!
No target in view!
Key pressed, stopping explore.
An endoplasm comes into view.
An endoplasm is nearby!
Found a stone staircase leading down.
The endoplasm quivers.
You block the endoplasm's attack.
You scratch the endoplasm. The endoplasm hits you. 😕 HP[-2]
You take 2 damage, and now have 12/14 hp.
You scratch the endoplasm but do no damage.
You block the endoplasm's attack.
You scratch the endoplasm. The endoplasm freezes you.
You are frozen.
* * * LOW HITPOINT WARNING * * *
Unknown command. 😨 HP[-5]
You take 5 damage, and now have 7/14 hp.
MASSIVE DAMAGE!! (PAUSE)
You scratch the endoplasm.
You kill the endoplasm!
Lugonu accepts your kill.
An adder comes into view.
An adder is nearby!
The adder misses you. The adder closely misses you.
You closely miss the adder. The adder bites you.
* * * LOW HITPOINT WARNING * * *
You are lethally poisoned!
The adder poisons you! 😨 HP[-1]
You take 1 damage, and now have 6/14 hp.
You scratch the adder.
* * * LOW HITPOINT WARNING * * *
You feel sick. The adder misses you. 😨 HP[-2]
You take 2 damage, and now have 4/14 hp.
It was a potion of brilliance.
You feel clever all of a sudden.
* * * LOW HITPOINT WARNING * * *
You feel sick. The adder misses you. 😱 HP[-1]
You take 1 damage, and now have 3/14 hp.
Okay, then.
It was a potion of lignification.
You turn into a tree.
Your roots penetrate the ground.
* * * LOW HITPOINT WARNING * * *
You feel sick.
The adder bites you but does no damage. x2 😱 HP[+1]
You now have 21 max hp (+7).
It was a potion of magic.
Magic courses through your body.
* * * LOW HITPOINT WARNING * * *
You feel sick.
The adder bites you but does no damage. 😱 HP[-1]
You take 1 damage, and now have 3/21 hp.
It was a potion of degeneration.
There was something very wrong with that liquid.
You feel weakened.
You feel dopey.
You feel clumsy.
* * * LOW HITPOINT WARNING * * *
You feel sick. The adder bites you.
You die...

Skill      XL: |  1 |
---------------+----+-----
Stealth        | 1 |  1.3
Invocations    | 2 |  2.1
Fighting       | |  3.2
Dodging        | |  3.8
Unarmed Combat | |  2.2

Action                   || total
-------------------------++-------
Melee: Unarmed           ||    45
       Bite              ||     1
       Punch             ||     1
Invok: Depart the Abyss  ||     1
  Use: Scroll            ||     3
       Potion            ||     4
 Stab: Sleeping          ||     5
Armor: Skin              ||     4
Dodge: Dodged            ||    23
Block: Other             ||     7

Levels and vault maps discovered:
D:1:      enne_arrival_octagon_isle, layout_basic,
          hellmonk_ecumenical_altar_pennies_from_heaven, grunt_decor_clamped
D:2:      layout_basic, minmay_lizard_king

Notes
Turn   | Place    | Note
-------+----------+-------------------------------------------
     0 | Abyss:1  | spiderkeys the Felid Abyssal Knight began the quest for the
                  | Orb.
     0 | Abyss:1  | Reached XP level 1. HP: 10/10 MP: 3/3
     0 | Abyss:1  | magus.rc [v1.9.10]
     2 | Abyss:1  | Found a corrupted altar of Lugonu.
     3 | Abyss:1  | Found a corrupted altar of Lugonu.
     7 | Abyss:1  | Found a corrupted altar of Lugonu.
    35 | Abyss:2  | Noticed an ancient zyme
   109 | Abyss:3  | Noticed a bone dragon
   129 | Abyss:3  | Identified a scroll of acquirement
   130 | D:1      | You pass through the gate.
   130 | D:1      | Escaped the Abyss
   131 | D:1      | Acquired a manual of Dodging
   264 | D:1      | Reached * piety under Lugonu
   532 | D:1      | Reached skill level 1 in Stealth
   532 | D:1      | Reached skill level 2 in Invocations
   532 | D:1      | Reached XP level 2. HP: 14/14 MP: 4/4
   832 | D:1      | Found a faded altar of an unknown god.
  1225 | D:2      | HP: 3/14 [poisoned by an adder]
  1228 | D:2      | Slain by an adder

Vanquished Creatures
  A bat (D:2)
  4 endoplasms
  5 hobgoblins (D:1)
  2 kobolds (D:1)
  A quokka (D:1)
  A frilled lizard (D:1)
  3 rats (D:1)
17 creatures vanquished.

Table legend:
 A = Non-vault XP
 B = Vault XP
 C = Vault XP percentage of total XP
 D = Non-vault monster count
 E = Vault monster count
 F = Vault count percentage of total count
                 A         B        C        D         E       F
            +---------+---------+-------+---------+---------+-------
      Total |      30 |       0 |   0.0 |      17 |       0 |   0.0
            +---------+---------+-------+---------+---------+-------
        D:1 |      26 |       0 |   0.0 |      15 |       0 |   0.0
        D:2 |       4 |       0 |   0.0 |       2 |       0 |   0.0
            +---------+---------+-------+---------+---------+-------

Illustrated notes

Table legend:
 A = Kills in this place as a percentage of kills in entire the game.
 B = Kills by you in this place as a percentage of kills by you in the entire game.
 C = Kills by friends in this place as a percentage of kills by friends in the entire game.
 D = Other kills in this place as a percentage of other kills in the entire game.
 E = Experience gained in this place as a percentage of experience gained in the entire game.
 F = Experience gained in this place divided by the number of levels of this place that you have seen.
                   A       B       C       D       E      F
               +-------+-------+-------+-------+-------+----------------------
         Total | 100.0 | 100.0 |   N/A |   N/A | 100.0 |   6.0
       Dungeon | 100.0 | 100.0 |   N/A |   N/A | 100.0 |  15.0
               +-------+-------+-------+-------+-------+----------------------

Table legend: (Time is in decaauts)
 A = Elapsed time spent in this place.
 B = Non-inter-level travel time spent in this place.
 C = Inter-level travel time spent in this place.
 D = Time resting spent in this place.
 E = Time spent auto-exploring this place.
 F = Levels seen in this place.
 G = Mean time per level.
                   A        B        C        D        E       F      G
               +--------+--------+--------+--------+--------+-----+--------+
         Total |   1053 |   1009 |     44 |      0 |    809 |   5 |  210.6 |
       Dungeon |    946 |    902 |     44 |      0 |    791 |   2 |  473.0 |
         Abyss |    107 |    107 |      0 |      0 |     18 |   3 |   35.7 |
               +--------+--------+--------+--------+--------+-----+--------+

Top non-repeatable levels by time:
     D:1: 884 daAuts
     D:2: 62 daAuts
 Abyss:3: 60 daAuts
 Abyss:2: 34 daAuts
 Abyss:1: 11 daAuts
